 Dungeon Crawl Stone Soup version 0.32-a0-131-g9dbbe29261 (console) character file.

Game seed: 7521612457019936170

15157 jejorda2 the Cleaver (level 12, -3/145 HPs)
             Began as a Gnoll Berserker on Feb 8, 2024.
             Was an Elder of Trog.
             Succumbed to a black mamba's poison
             ... on level 1 of the Lair of Beasts.
             The game lasted 00:27:16 (11594 turns).

jejorda2 the Cleaver (Gnoll Berserker)             Turns: 11594, Time: 00:27:16

Health: -3/145     AC: 23    Str: 21    XL:     12   Next: 24%
Magic:  23/23      EV:  9    Int:  7    God:    Trog [****..]
Gold:   708        SH:  0    Dex: 12    Spells: 25/25 levels left

rFire   . . .        a - +0 broad axe
rCold   + . .        (no shield)
rNeg    . . .        z - +1 plate armour {rC+}
rPois   .            d - +2 helmet
rElec   .            (no cloak)
rCorr   .            p - +2 pair of gloves
SInv    .            B - +0 pair of boots {Fly}
Will    ++...        (no amulet) Stlth
                     (no ring)
HPRegen 1.44/turn    (no ring)
MPRegen 0.18/turn

%: no passive effects
@: berserking (expiring), lethally poisoned (-3 -> -19), strong-willed, flying,
regenerating, studying Dodging, very quick
A: fangs 1, strong nose, distributed training
a: Renounce Religion, Berserk, Trog's Hand, Brothers in Arms


You were on level 1 of the Lair of Beasts.
You worshipped Trog.
Trog was greatly pleased with you.
You visited 2 branches of the dungeon, and saw 11 of its levels.
You also visited: Bailey.

You collected 708 gold pieces.

Inventory:

Hand Weapons
 a - a +0 broad axe (weapon)
 b - a +1 lajatang
 w - a +0 dire flail
Missiles
 h - 14 poisoned darts (quivered)
 l - a curare-tipped dart
 o - 2 boomerangs
 q - 10 atropa-tipped darts
Armour
 d - a +2 helmet (worn)
 p - a +2 pair of gloves (worn)
 z - a +1 plate armour of cold resistance (worn)
 B - a +0 pair of boots of flying (worn)
Wands
 m - a wand of flame (44)
 u - a wand of acid (21)
 x - a wand of polymorph (11)
Scrolls
 i - a scroll of fear
 s - 8 scrolls of teleportation
 y - a scroll of revelation
 A - 4 scrolls of poison
 C - a scroll of blinking
 D - a scroll of fog
Potions
 c - a potion of brilliance {unknown}
 e - 2 potions of lignification {unknown}
 f - 3 potions of might
 g - 5 potions of curing
 j - 4 potions of heal wounds
 k - a potion of haste {unknown}
 n - 2 potions of enlightenment {unknown}
 r - a potion of cancellation {unknown}
 t - a potion of magic {unknown}
 v - 5 potions of invisibility


   Skills:
 + Level 9.9 Fighting
 + Level 7.3 Short Blades
 + Level 7.3 Long Blades
 + Level 9.9 Axes
 + Level 7.3 Maces & Flails
 + Level 7.3 Polearms
 + Level 7.3 Staves
 + Level 7.3 Ranged Weapons
 + Level 7.3 Throwing
 + Level 8.7 Armour
 + Level 9.7 Dodging
 + Level 7.3 Stealth
 + Level 7.3 Shields
 + Level 7.3 Unarmed Combat
 + Level 7.3 Spellcasting
 + Level 6.1 Conjurations
 + Level 6.1 Hexes
 + Level 6.1 Summonings
 + Level 6.1 Necromancy
 + Level 6.1 Translocations
 + Level 6.1 Fire Magic
 + Level 6.1 Ice Magic
 + Level 6.1 Air Magic
 + Level 6.1 Earth Magic
 + Level 6.1 Alchemy
 + Level 8.1 Invocations
 + Level 7.3 Evocations
 + Level 6.7 Shapeshifting


You had 25 spell levels left.
You didn't know any spells.
Your spell library was empty.

Dungeon Overview and Level Annotations

Branches:
Dungeon (10/15)            Temple (0/1) D:6            Lair (1/5) D:9
    Orc (0/2) D:10         Bailey (visited)

Altars:
Ashenzari
Cheibriados
Elyvilon
Kikubaaqudgha
Makhleb
Nemelex Xobeh
Okawaru
Qazlal
Ru
Uskayaw
Xom
Yredelemnul
The Shining One


Innate Abilities, Weirdness & Mutations

You have very sharp teeth.
Your uncanny sense of smell can sniff out nearby items.
Your experience applies equally to all skills.


Message History

You slash the wolf!
You kill the wolf!
Trog accepts your kill. The black mamba bites you.
* * * LOW HITPOINT WARNING * * *
You are poisoned.
The black mamba poisons you!
You barely miss the black mamba. You closely miss the wolf.
You feel very sick. The black mamba barely misses you.
The wolf bites you but does no damage. The black mamba bites you.
* * * LOW HITPOINT WARNING * * *
You are lethally poisoned!
The black mamba poisons you! The wolf barely misses you.
You miss the black mamba. You punch the black mamba!
The black mamba is moderately wounded.
You barely miss the wolf.
* * * LOW HITPOINT WARNING * * *
You feel extremely sick. The black mamba closely misses you.
The wolf bites you but does no damage.
Unknown command.
You barely miss the black mamba.
The black mamba is moderately wounded.
You miss the wolf.
* * * LOW HITPOINT WARNING * * *
You feel very sick.
The black mamba bites you but does no damage.
The wolf bites you.
* * * LOW HITPOINT WARNING * * *
You miss the black mamba. Your punch misses the black mamba.
The black mamba is moderately wounded.
You barely miss the wolf.
* * * LOW HITPOINT WARNING * * *
You feel very sick.
The black mamba bites you but does no damage.
The wolf bites you but does no damage.
You barely miss the black mamba.
The black mamba is moderately wounded.
You closely miss the wolf.
You die...

.#........
..#......##.
∆.......#...
..........
#.........
##!.......#
#P(..$....#
#Sh# #.#@#
#####


You could see a black mamba and a wolf.

Vanquished Creatures
  2 vault guards (Bailey)
  The ghost of Gryn the Mimic, a journeyman MfSh of Ashenzari (D:10)
  A two-headed ogre (D:10)
  Pikel (D:7)
  A cyclops (D:7)
  An unseen horror zombie (D:9)
  2 gargoyles
  A rime drake (D:9)
  2 komodo dragons
  A troll (D:10)
  Grinder (D:3)
  2 hornets
  2 polar bears (D:9)
  Prince Ribbit (Bailey)
  A vampire (D:5)
  A wraith (D:10)
  8 humans (Bailey)
  3 yaks (D:10)
  2 steam dragons (D:9)
  An acid dragon (D:7)
  5 water moccasins
  7 orc warriors
  A black bear (D:8)
  6 ice beasts (D:9)
  An ogre (D:6)
  5 wolves
  8 centaurs
  A phantom (D:4)
  2 lemures (D:7)
  A kobold brigand (D:6)
  13 bullfrogs
  2 gnoll sergeants (D:6)
  7 scorpions
  13 wights
  3 killer bees (D:9)
  A howler monkey (D:9)
  8 centaur zombies (D:9)
  A jelly (D:5)
  3 orc priests
  A bombardier beetle (D:7)
  6 hounds
  4 gnoll boudas
  8 iguanas
  Terence (D:3)
  5 orc wizards
  Robin (D:3)
  8 gnolls
  9 adders
  3 white imps
  7 ufetubi
  2 dart slugs
  2 ribbon worms
  33 orcs
  9 ball pythons
  5 endoplasms
  3 giant cockroaches
  19 hobgoblins
  24 kobolds
  5 quokkas
  7 bats
  4 frilled lizards
  16 goblins
  6 rats
  A spectral hobgoblin (D:1)
312 creatures vanquished.

Notes
Turn   | Place    | Note
-------+----------+-------------------------------------------
     0 | D:1      | jejorda2 the Gnoll Berserker began the quest for the Orb.
     0 | D:1      | Reached XP level 1. HP: 23/23 MP: 1/1
   130 | D:1      | Reached XP level 2. HP: 29/29 MP: 2/2
   277 | D:1      | Found a faded altar of an unknown god.
   739 | D:2      | Reached ** piety under Trog
   771 | D:2      | Reached XP level 3. HP: 33/35 MP: 2/4
   832 | D:2      | Reached skill level 1 in Invocations
  1122 | D:2      | Reached skill level 1 in Short Blades
  1122 | D:2      | Reached skill level 1 in Long Blades
  1122 | D:2      | Reached skill level 1 in Maces & Flails
  1122 | D:2      | Reached skill level 1 in Polearms
  1122 | D:2      | Reached skill level 1 in Staves
  1122 | D:2      | Reached skill level 1 in Ranged Weapons
  1122 | D:2      | Reached skill level 1 in Throwing
  1122 | D:2      | Reached skill level 1 in Stealth
  1122 | D:2      | Reached skill level 1 in Shields
  1122 | D:2      | Reached skill level 1 in Unarmed Combat
  1122 | D:2      | Reached skill level 1 in Spellcasting
  1122 | D:2      | Reached skill level 1 in Evocations
  1303 | D:2      | Reached skill level 1 in Shapeshifting
  1303 | D:2      | Reached XP level 4. HP: 35/41 MP: 5/5
  1565 | D:3      | Noticed Robin
  1575 | D:3      | Killed Robin
  1579 | D:3      | Reached skill level 1 in Conjurations
  1579 | D:3      | Reached skill level 1 in Hexes
  1579 | D:3      | Reached skill level 1 in Summonings
  1579 | D:3      | Reached skill level 1 in Necromancy
  1579 | D:3      | Reached skill level 1 in Translocations
  1579 | D:3      | Reached skill level 1 in Fire Magic
  1579 | D:3      | Reached skill level 1 in Ice Magic
  1579 | D:3      | Reached skill level 1 in Air Magic
  1579 | D:3      | Reached skill level 1 in Earth Magic
  1579 | D:3      | Reached skill level 1 in Alchemy
  1683 | D:3      | Noticed Terence
  1688 | D:3      | Killed Terence
  1689 | D:3      | Reached XP level 5. HP: 47/47 MP: 5/7
  1992 | D:3      | Noticed Grinder
  2007 | D:3      | Killed Grinder
  2008 | D:3      | Reached skill level 5 in Armour
  2008 | D:3      | Reached skill level 5 in Dodging
  2008 | D:3      | Reached XP level 6. HP: 53/53 MP: 7/9
  2450 | D:4      | Reached XP level 7. HP: 59/59 MP: 10/10
  2502 | D:4      | Found a snail-covered altar of Cheibriados.
  2617 | D:4      | Found a burning altar of Makhleb.
  3025 | D:4      | Found a white marble altar of Elyvilon.
  3060 | D:5      | Entered Level 5 of the Dungeon
  3075 | D:5      | Found a stormy altar of Qazlal.
  3145 | D:5      | Reached XP level 8. HP: 47/67 MP: 12/12
  3309 | D:5      | Noticed a vampire
  3313 | D:5      | Killed a vampire
  3968 | D:6      | Reached *** piety under Trog
  4114 | D:6      | Reached XP level 9. HP: 39/73 MP: 14/14
  5030 | D:6      | Reached skill level 5 in Invocations
  5428 | D:6      | Found a sacrificial altar of Ru.
  5468 | D:6      | Reached **** piety under Trog
  5482 | D:6      | Found a staircase to the Ecumenical Temple.
  5771 | D:7      | Found an ancient bone altar of Kikubaaqudgha.
  5827 | D:7      | Noticed a cyclops
  5836 | D:7      | Killed a cyclops
  5838 | D:7      | Reached skill level 5 in Short Blades
  5838 | D:7      | Reached skill level 5 in Long Blades
  5838 | D:7      | Reached skill level 5 in Maces & Flails
  5838 | D:7      | Reached skill level 5 in Polearms
  5838 | D:7      | Reached skill level 5 in Staves
  5838 | D:7      | Reached skill level 5 in Ranged Weapons
  5838 | D:7      | Reached skill level 5 in Throwing
  5838 | D:7      | Reached skill level 5 in Stealth
  5838 | D:7      | Reached skill level 5 in Shields
  5838 | D:7      | Reached skill level 5 in Unarmed Combat
  5838 | D:7      | Reached skill level 5 in Spellcasting
  5838 | D:7      | Reached skill level 5 in Evocations
  5838 | D:7      | Reached XP level 10. HP: 81/81 MP: 17/17
  5866 | D:7      | Found a flagged portal.
  5891 | Bailey   | Entered a bailey
  6296 | Bailey   | Reached skill level 5 in Shapeshifting
  6465 | Bailey   | Noticed Prince Ribbit
  6466 | Bailey   | Noticed a vault guard
  6480 | Bailey   | Killed Prince Ribbit
  6497 | Bailey   | HP: 4/82 [vault guard/+0 broad axe (8)]
  6507 | Bailey   | Killed a vault guard
  6747 | Bailey   | Noticed a vault guard
  6758 | Bailey   | Killed a vault guard
  6759 | Bailey   | Reached skill level 5 in Conjurations
  6759 | Bailey   | Reached skill level 5 in Hexes
  6759 | Bailey   | Reached skill level 5 in Summonings
  6759 | Bailey   | Reached skill level 5 in Necromancy
  6759 | Bailey   | Reached skill level 5 in Translocations
  6759 | Bailey   | Reached skill level 5 in Fire Magic
  6759 | Bailey   | Reached skill level 5 in Ice Magic
  6759 | Bailey   | Reached skill level 5 in Air Magic
  6759 | Bailey   | Reached skill level 5 in Earth Magic
  6759 | Bailey   | Reached skill level 5 in Alchemy
  6862 | D:7      | Reached XP level 11. HP: 89/89 MP: 20/20
  7048 | D:7      | Noticed Pikel
  7073 | D:7      | Killed Pikel
  7741 | D:8      | Paralysed by a hornet for 2 turns
  8267 | D:8      | Identified a scroll of acquirement
  8267 | D:8      | Acquired a +0 pair of boots of flying
  8752 | D:9      | Found a basalt altar of Yredelemnul.
  8840 | D:9      | Found a shimmering altar of Xom.
  8864 | D:9      | Found a hide-covered altar of Uskayaw.
  9551 | D:9      | Found a staircase to the Lair.
  9590 | D:9      | Found a sparkling altar of Nemelex Xobeh.
 10020 | D:10     | Entered Level 10 of the Dungeon
 10225 | D:10     | Found a glowing golden altar of the Shining One.
 10240 | D:10     | Found an iron altar of Okawaru.
 10414 | D:10     | Found a broken altar of Ashenzari.
 10434 | D:10     | Found a runed translucent door.
 10438 | D:10     | Noticed Gryn's ghost (journeyman MfSh)
 10712 | D:10     | Noticed a two-headed ogre
 10724 | D:10     | Killed a two-headed ogre
 10732 | D:10     | Reached XP level 12. HP: 97/97 MP: 22/22
 10949 | D:10     | Found a staircase to the Orcish Mines.
 11465 | D:10     | Killed Gryn's ghost
 11569 | Lair:1   | Entered Level 1 of the Lair of Beasts
 11592 | Lair:1   | HP: 7/145 [poisoned by a black mamba]
 11593 | Lair:1   | HP: 1/145 [poisoned by a black mamba]
 11594 | Lair:1   | Succumbed to a black mamba's poison

Illustrated notes

Levels and vault maps discovered:
D:1:      giann_forest_graveyard, layout_basic,
          dreamdust_ecumenical_altar_drowned_temple, wad_floor_pattern_1,
          minmay_tree_intersection, minmay_strange_pillars
D:2:      layout_loops_ring, grunt_ministairs_13
D:3:      layout_basic, minivault_25, hangedman_decor_points, uniq_grinder,
          uniq_robin, uniq_terence
D:4:      layout_cave_pools, nicolae_elyvilon_temple_path,
          mainiacjoe_overflow_surrounded_room, mainiacjoe_overflow_alcove_2
D:5:      layout_rooms, mainiacjoe_overflow_boulevard
D:6:      kennysheep_housing_project, layout_basic, hangedman_ru_absence,
          minmay_temple_entry_poolview
D:7:      layout_cave_pools, mainiacjoe_overflow_concentric_impassable,
          enter_bailey_7, grunt_ministairs_1, minmay_manual_moon, uniq_pikel
D:8:      layout_layer_cave
D:9:      layout_basic, nicolae_yredelemnul_corpse_copse,
          general_overflow_altar, nicolae_uskayaw_murder_on_the_dancefloor,
          kennysheep_mini, hellmonk_lair_entry_icy, serial_curves,
          eino_curves_01, eino_curves_02
D:10:     layout_cave_pods, mainiacjoe_overflow_tiny_flanked, tso_altar,
          kennysheep_mini_moat, david_orc_1_choice,
          hellmonk_ghost_happy_afterlife, grunt_ministairs_13
Lair:1:   layout_cave_pods, cheibrodos_lair_lostbears, lemuel_fruit_fields,
          grunt_megastairs_4, infiniplex_staircase_pool_2, uniq_prince_ribbit2,
          uniq_amaemon

Skill      XL: |  1  2  3  4  5  6  7  8  9 10 11 12 |
---------------+-------------------------------------+-----
Invocations    | 1 2 3 4 5 6 7 8 |  8.1
Short Blades   | 1 2 3 5 6 7 |  7.3
Long Blades    | 1 2 3 5 6 7 |  7.3
Maces & Flails | 1 2 3 5 6 7 |  7.3
Polearms       | 1 2 3 5 6 7 |  7.3
Staves         | 1 2 3 5 6 7 |  7.3
Ranged Weapons | 1 2 3 5 6 7 |  7.3
Throwing       | 1 2 3 5 6 7 |  7.3
Stealth        | 1 2 3 5 6 7 |  7.3
Shields        | 1 2 3 5 6 7 |  7.3
Unarmed Combat | 1 2 3 5 6 7 |  7.3
Spellcasting   | 1 2 3 5 6 7 |  7.3
Evocations     | 1 2 3 5 6 7 |  7.3
Shapeshifting  | 1 2 3 4 5 6 |  6.7
Conjurations   | 1 2 3 4 5 6 |  6.1
Hexes          | 1 2 3 4 5 6 |  6.1
Summonings     | 1 2 3 4 5 6 |  6.1
Necromancy     | 1 2 3 4 5 6 |  6.1
Translocations | 1 2 3 4 5 6 |  6.1
Fire Magic     | 1 2 3 4 5 6 |  6.1
Ice Magic      | 1 2 3 4 5 6 |  6.1
Air Magic      | 1 2 3 4 5 6 |  6.1
Earth Magic    | 1 2 3 4 5 6 |  6.1
Alchemy        | 1 2 3 4 5 6 |  6.1
Armour         | 5 6 7 8 |  8.7
Dodging        | 5 6 7 9 |  9.7
Fighting       | 7 8 9 |  9.9
Axes           | 7 8 9 |  9.9

Action                     |  1- 3 |  4- 6 |  7- 9 | 10-12 || total
---------------------------+-------+-------+-------+-------++-------
  Melee: Hand axe          |   136 |    95 |   167 |       ||   398
         Punch             |     6 |     3 |     7 |    10 ||    26
         Bite              |     9 |    10 |    38 |    73 ||   130
         Lajatang          |       |       |   185 |   515 ||   700
         War axe           |       |       |    18 |    79 ||    97
         Dire flail        |       |       |     6 |       ||     6
         Broad axe         |       |       |       |    29 ||    29
  Throw: Dart              |       |       |       |    13 ||    13
 Invoke: Berserk           |       |     4 |     6 |    12 ||    22
         Trog's Hand       |       |     2 |     3 |     7 ||    12
  Evoke: Wand              |       |       |       |     1 ||     1
    Use: Scroll            |       |       |     9 |    11 ||    20
         Potion            |       |       |       |     1 ||     1
 Armour: Animal skin       |     6 |       |       |       ||     6
         Ring mail         |    45 |       |       |       ||    45
         Scale mail        |       |    23 |       |       ||    23
         Chain mail        |       |    25 |       |       ||    25
         Plate armour      |       |    23 |   450 |   683 ||  1156
  Dodge: Dodged            |    97 |    38 |   179 |   310 ||   624

Table legend: (Time is in decaauts)
 A = Elapsed time spent in this place.
 B = Non-inter-level travel time spent in this place.
 C = Inter-level travel time spent in this place.
 D = Time resting spent in this place.
 E = Time spent auto-exploring this place.
 F = Levels seen in this place.
 G = Mean time per level.
                   A        B        C        D        E       F      G
               +--------+--------+--------+--------+--------+-----+--------+
         Total |  11854 |  11516 |    338 |   1103 |   7913 |  12 |  987.8 |
       Dungeon |  10838 |  10501 |    337 |    768 |   7580 |  10 | 1083.8 |
          Lair |     22 |     22 |      0 |      0 |      0 |   1 |   22.0 |
        Bailey |    993 |    993 |      0 |    335 |    333 |   1 |  993.0 |
               +--------+--------+--------+--------+--------+-----+--------+

Top non-repeatable levels by time:
     D:6: 1865 daAuts
    D:10: 1580 daAuts
     D:9: 1536 daAuts
     D:8: 1261 daAuts
  Bailey: 993 daAuts
     D:3: 909 daAuts
     D:5: 834 daAuts
     D:2: 829 daAuts
     D:1: 742 daAuts
     D:4: 669 daAuts
     D:7: 609 daAuts
  Lair:1: 22 daAuts
